AoeStats
← Sir Loie

Arena

509421592Analyzed
4v4 RM · 7d ago on Sep 26, 2026· 69m 42s· 8 players
Game mode
Random Map
Map size
Large (8 player)
Population
200
Speed
Normal
Resources
Standard
Victory
Conquest
Starting age
Dark Age
Ending age
Imperial Age
RankedLock teamsTeams togetherTeam positionsShared explorationLock speedFull tech treeHidden civsTurbo modeCheats
Victory
Defeat
🇨🇱 Byzantines · Chile
790
+18
🇧🇷 Poles · Brazil
785
+14
🇷🇴 Portuguese · Romania
765
+14
🇧🇪 Britons · Belgium
658
+20
🇹🇷 Burgundians · Türkiye
765
-17
🇲🇽 Britons · Mexico
729
-15
🇺🇸 Huns · United States
721
-15
🇸🇪 Koreans · Sweden
696
-21
themoist_hoist2
0:34 Loom
11:16 Feudal Age
21:21 Castle Age
19:09 Double-Bit Axe
19:09 Horse Collar
19:21 Stone Mining
22:15 Wheelbarrow
21:33 Gold Mining
23:13 Bow Saw
25:18 Heavy Plow
27:24 Hand Cart
28:02 Marauders
28:30 Town Watch
29:47 Caravan
31:54 Town Patrol
33:06 Husbandry
33:16 Bloodlines
36:37 Imperial Age
34:21 Forging
34:16 Scale Barding Armor
36:56 Iron Casting
36:42 Chain Barding Armor
36:50 Elite Tarkan
37:51 Conscription
38:38 Two-Man Saw
39:08 Gold Shaft Mining
40:10 Blast Furnace
40:17 Plate Barding Armor
41:36 Atheism
52:08 Squires
51:29 Pikeman
51:54 Arson
52:12 Scale Mail Armor
52:13 Padded Archer Armor
52:04 Fletching
53:33 Halberdier
55:17 Chain Mail Armor
55:18 Leather Archer Armor
54:58 Bodkin Arrow
inquicidor123
1:01 Loom
13:43 Feudal Age
14:21 Man-at-Arms
15:33 Double-Bit Axe
19:36 Arson
20:28 Scale Mail Armor
23:43 Fletching
23:54 Padded Archer Armor
28:52 Castle Age
jonas
12:14 Feudal Age
14:02 Wheelbarrow
17:55 Castle Age
16:01 Horse Collar
16:10 Double-Bit Axe
19:38 Hand Cart
19:39 Bow Saw
20:11 Gold Mining
23:59 Gold Shaft Mining
23:28 Stone Mining
25:17 Arson
25:32 Squires
24:53 Pikeman
25:36 Caravan
26:22 Stone Shaft Mining
25:36 Town Watch
25:37 Loom
28:26 Town Patrol
31:51 Imperial Age
30:33 Scale Mail Armor
30:44 Forging
32:18 Chain Mail Armor
32:40 Iron Casting
31:58 Halberdier
33:04 Conscription
33:42 Fortified Wall
33:54 Ballistics
34:42 Elite War Wagon
35:23 Fletching
37:18 Chemistry
53:01 Heavy Rocket Cart
57:17 Heavy Rocket Cart
58:50 Shinkichon
59:18 Bodkin Arrow
59:54 Plate Mail Armor
59:33 Scale Barding Armor
80AŞKÖMER
8:05 Double-Bit Axe
12:46 Feudal Age
17:57 Castle Age
16:07 Horse Collar
18:11 Heavy Plow
22:17 Cavalier
Sir Loie
9:44 Loom
12:30 Feudal Age
17:16 Castle Age
15:58 Double-Bit Axe
15:56 Horse Collar
16:24 Gold Mining
16:51 Stone Mining
18:35 Wheelbarrow
18:53 Heavy Plow
19:06 Bow Saw
20:29 Hand Cart
28:24 Gold Shaft Mining
32:18 Caravan
33:57 Town Watch
34:48 Forging
34:28 Fletching
34:39 Scale Mail Armor
34:39 Padded Archer Armor
34:45 Scale Barding Armor
36:35 Iron Casting
35:55 Bodkin Arrow
36:09 Gambesons
36:24 Squires
36:10 Arson
35:46 Pikeman
37:29 Chain Mail Armor
37:39 Ballistics
37:09 Heated Shot
37:22 Town Patrol
39:57 Imperial Age
39:02 Yeomen
40:22 Chain Barding Armor
40:18 Leather Archer Armor
40:03 Halberdier
40:06 Elite Longbowman
40:49 Warwolf
41:11 Conscription
40:22 Sappers
41:28 Hoardings
41:01 Husbandry
41:41 Plate Barding Armor
41:36 Plate Mail Armor
40:55 Arrowslits
42:11 Chemistry
40:51 Treadmill Crane
41:07 Murder Holes
41:22 Masonry
41:18 Siege Engineers
41:25 Fortified Wall
43:59 Blast Furnace
43:00 Bracer
43:31 Ring Archer Armor
42:36 Cranequins
42:37 Heavy Mounted Crossbowman
44:16 Cavalier
45:55 Elite Skirmisher
50:45 Light Cavalry
50:52 Capped Ram
50:53 Onager
50:53 Heavy Scorpion
52:12 Architecture
51:33 Guard Tower
51:48 Siphons
52:04 Shipwright
51:54 Clinker Construction
51:55 Careening
51:34 Crossbowman
51:35 Elite Skirmisher
53:32 Arbalester
53:52 Man-at-Arms
64:08 Coinage
63:48 Guilds
64:15 Long Swordsman
69:39 Two-Handed Swordsman
Laserotron
10:55 Feudal Age
12:11 Wheelbarrow
11:17 Horse Collar
11:23 Double-Bit Axe
11:30 Gold Mining
13:59 Stone Mining
19:23 Castle Age
20:07 Heavy Plow
20:20 Bow Saw
20:05 Loom
29:34 Hand Cart
35:58 Imperial Age
34:20 Stone Shaft Mining
35:15 Scale Barding Armor
36:59 Chain Barding Armor
40:21 Cavalier
43:44 Onager
50:19 Caravan
50:49 Coinage
54:19 Two-Man Saw
54:25 Plate Barding Armor
59:35 Coinage
59:16 Guilds
61:07 Bloodlines
60:57 Husbandry
63:19 Banking
63:28 Banking
68:21 Chemistry
67:42 Ballistics
67:32 Fortified Wall
67:13 Heated Shot
67:18 Murder Holes
cXb_Foxtrot
0:30 Loom
11:15 Feudal Age
11:54 Double-Bit Axe
11:53 Horse Collar
18:33 Castle Age
21:01 Stone Mining
21:03 Gold Mining
21:35 Squires
21:23 Arson
22:14 Heavy Plow
22:30 Bow Saw
32:19 Imperial Age
32:29 Forging
32:19 Scale Mail Armor
33:26 Conscription
32:55 Elite Obuch
42:01 Iron Casting
41:42 Chain Mail Armor
42:07 Crop Rotation
44:28 Blast Furnace
43:59 Plate Mail Armor
51:11 Pikeman
56:02 Wheelbarrow
65:12 Capped Ram
66:30 Siege Ram
ian.alejandro.r
12:07 Feudal Age
13:09 Double-Bit Axe
13:42 Horse Collar
17:23 Castle Age
18:41 Caravan
20:27 Wheelbarrow
25:13 Fervor
25:44 Hand Cart
25:15 Loom
27:41 Heavy Plow
27:35 Gold Mining
30:25 Imperial Age
30:31 Imperial Age
28:36 Bow Saw
29:26 Scale Barding Armor
29:18 Elite Skirmisher
30:21 Chain Barding Armor
30:04 Padded Archer Armor
34:11 Guilds
40:32 Elite Cataphract
41:33 Conscription
41:27 Logistica
43:10 Hoardings
43:15 Plate Barding Armor
42:51 Forging
42:58 Leather Archer Armor
42:34 Fletching
43:19 Stone Mining
45:33 Stone Shaft Mining
45:34 Gold Shaft Mining
45:23 Ballistics
45:22 Husbandry
46:49 Gold Shaft Mining
45:41 Heavy Camel Rider
47:27 Treadmill Crane
47:44 Murder Holes
48:50 Chemistry
50:06 Iron Casting
50:02 Ring Archer Armor
49:28 Bodkin Arrow
52:25 Bracer
56:14 Two-Man Saw
59:37 Crop Rotation
63:35 Fortified Wall
63:30 Devotion
Connection lost

Rejoining the realm…

Still unreachable

The connection could not be restored.

Session expired

The server has moved on; the page needs a fresh start.